 Dungeon Crawl Stone Soup version 0.29-a0-802-g34511f41fd (webtiles) character file.

Game seed: 2044911359928407310

67 gobodom the Conjurer (level 3, -2/16 HPs)
             Began as a Spriggan Conjurer on July 4, 2022.
             Killed from afar by a dart slug (4 damage)
             ... with a slug dart
             ... on level 2 of the Dungeon.
             The game lasted 00:05:02 (2007 turns).

gobodom the Conjurer (Spriggan Conjurer)            Turns: 2007, Time: 00:05:03

Health: -2/16      AC:  2    Str:  5    XL:     3   Next: 98%
Magic:  4/9        EV: 17    Int: 19    God:
Gold:   81         SH:  0    Dex: 13    Spells: 8/9 levels left

rFire   . . .      SeeInvis +   (weapon restricted)
rCold   . . .      Faith    .   (no shield)
rNeg    . . .      Spirit   .   a - +0 robe
rPois   .          Reflect  .   (helmet restricted)
rElec   .          Harm     .   (no cloak)
rCorr   .          Rampage  .   (gloves unavailable)
Will    .....                   (boots unavailable)
Stlth   ++........              (no amulet)
HPRegen 0.05/turn               (no ring)
MPRegen 0.11/turn               (no ring)

@: very quick
A: very small, no large weapons, unfitting armour, see invisible, speed 3
a: no special abilities


You were on level 2 of the Dungeon.
You visited 1 branch of the dungeon, and saw 2 of its levels.

You collected 81 gold pieces.

Inventory:

Armour
 a - a +0 robe (worn)
 o - a +0 helmet
Wands
 n - a wand of charming (9)
Scrolls
 c - 2 scrolls of enchant armour {unknown}
 d - 3 scrolls of teleportation {unknown}
 f - 2 scrolls of vulnerability {unknown}
 g - a scroll of torment {unknown}
 i - a scroll of amnesia {unknown}
Potions
 b - a potion of magic
 e - 2 potions of heal wounds {unknown}
 h - a potion of mutation {unknown}
 j - a potion of lignification {unknown}
 k - a potion of ambrosia {unknown}
 l - 2 potions of curing {unknown}
 m - a potion of invisibility {unknown}


   Skills:
 + Level 2.9 Dodging
 + Level 3.2 Stealth
 + Level 3.6 Spellcasting
 + Level 3.7 Conjurations


You had 8 spell levels left.
You knew the following spells:

 Your Spells              Type           Power      Damage    Failure   Level
a - Magic Dart            Conj           68%        1d6       3%          1

Your spell library contained the following spells:

 Spells                   Type           Power      Damage    Failure   Level
 Searing Ray              Conj           34%        2d5       4%          2
 Dazzling Flash           Conj/Hex       20%        N/A       21%         3
 Confusing Touch          Hex            3%         N/A       41%         3
 Fulminant Prism          Conj/Hex       5%         3d7       54%         4
 Iskenderun's Mystic Bla  Conj/Tloc      10%        2d4       54%         4
 Yara's Violent Unravell  Hex/Tmut       1%         3d3       99%         5
 Enfeeble                 Hex            1%         N/A       100%        7


Dungeon Overview and Level Annotations

Branches:
Dungeon (2/15)

Altars:

Annotations:
D:2 Robin


Innate Abilities, Weirdness & Mutations

You are very small and have problems with some larger weapons.
You are too small for most types of armour.
You have supernaturally acute eyesight. (SInv)
You cover ground extremely quickly. (Speed+++)


Message History

Press: ? - help, Q - select action, (/) - cycle Shift-Dir - straight line, f - goblin
Aim: a goblin, wielding a +0 club (strong, chance to affect: 66%)
The goblin struggles to resist.
Aiming: Charm
Press: ? - help, Q - select action, (/) - cycle Shift-Dir - straight line, f - goblin, p - goblin
Aim: a goblin, wielding a +2 dagger of holy wrath (chance to affect: 66%)
The goblin struggles to resist.
The goblin closely misses you.
Aiming: Charm
Press: ? - help, Q - select action, (/) - cycle Shift-Dir - straight line, f/p - goblin
Aim: a goblin, wielding a +2 dagger of holy wrath (chance to affect: 66%)
The goblin is charmed.
The goblin closely misses you.
The goblin hits your goblin with a +2 dagger of holy wrath.
Your goblin dies!
Robin roars a battlecry!
The goblins go into a battle-frenzy!
The kobold throws a stone.
The stone hits you but does no damage.
The kobold throws a stone.
The stone hits you but does no damage. Robin throws the goblin at you!
The goblin hits you with a +2 dagger of holy wrath.
* * * LOW HITPOINT WARNING * * *
The goblin no longer looks unusually strong.
Robin says, "A pitiful Spriggan like you will never find the ORB!"
Robin throws the goblin at you!
* * * LOW HITPOINT WARNING * * *
The goblin misses you.
Found 9 gold pieces.
An adder and a dart slug come into view.
Found a smoky pink potion.
The adder hisses angrily.
Found 15 gold pieces.
The dart slug launches a dart at you. The slug dart misses you.
You see here a smoky pink potion.
An orc comes into view. It is wielding a +0 trident.
The orc shouts!
The dart slug launches a dart at you. The slug dart hits you.
You die...

....⌠.......g..........
.o........####....####.
........g# #....# #.
#......!# #....# #g
#.......# #gg..####)
####..w...# #g.g....#g
#......S..####Kg.###'#)
#.........##......<..†.
#.....@...##.gg........
#.....######...........
#....$ #.........)#
#####. #..........# #.
#......$...#
#......#...)......#
#.S....#..........#
#...)..#..........#
......#..........#


You could see an adder, a dart slug, an orc and a goblin.

Vanquished Creatures
  2 adders (D:2)
  2 dart slugs (D:1)
  4 ball pythons
  3 bats
  2 endoplasms
  5 hobgoblins
  3 jackals (D:1)
  4 kobolds
  3 quokkas
  A frilled lizard (D:1)
  7 goblins
  4 rats
40 creatures vanquished.

Vanquished Creatures (others)
  A goblin (D:2)
1 creature vanquished.

Grand Total: 41 creatures vanquished

Notes
Turn   | Place    | Note
-------+----------+-------------------------------------------
     0 | D:1      | gobodom the Spriggan Conjurer began the quest for the Orb.
     0 | D:1      | Reached XP level 1. HP: 9/9 MP: 5/5
   445 | D:1      | Reached XP level 2. HP: 13/13 MP: 4/6
  1136 | D:1      | Reached XP level 3. HP: 16/16 MP: 4/8
  1947 | D:2      | Noticed Robin
  2007 | D:2      | Killed from afar by a dart slug

Illustrated notes

Levels and vault maps discovered:
D:1:      lemuel_arrival_hallway, layout_basic, minmay_pentomino_z4
D:2:      wander_river, layout_basic, hellmonk_ecumenical_altar_defaced_shrine,
          uniq_robin

Skill      XL: |  1  2 |
---------------+-------+-----
Conjurations   | 3 |  3.7
Spellcasting   | 3 |  3.6
Dodging        | |  2.9
Stealth        | |  3.2

Action                   || total
-------------------------++-------
Melee: Unarmed           ||     7
 Cast: Magic Dart        ||    91
Evoke: Wand              ||     3
Armor: Robe              ||     8
Dodge: Dodged            ||    25

Table legend: (Time is in decaauts)
 A = Elapsed time spent in this place.
 B = Non-inter-level travel time spent in this place.
 C = Inter-level travel time spent in this place.
 D = Time resting spent in this place.
 E = Time spent auto-exploring this place.
 F = Levels seen in this place.
 G = Mean time per level.
                   A        B        C        D        E       F      G
               +--------+--------+--------+--------+--------+-----+--------+
         Total |   1667 |   1658 |      9 |      0 |   1413 |   2 |  833.5 |
       Dungeon |   1667 |   1658 |      9 |      0 |   1413 |   2 |  833.5 |
               +--------+--------+--------+--------+--------+-----+--------+

Top non-repeatable levels by time:
     D:1: 1005 daAuts
     D:2: 661 daAuts
